 Dungeon Crawl Stone Soup version 0.29.1-2-gbd0b4ee654 (webtiles) character file.

Game seed: 2256237189516826446

445 warriortoast the Digger (level 7, -1/40 HPs)
             Began as a Gargoyle Earth Elementalist on Nov 28, 2022.
             Slain by a wight
             ... wielding a +2 long sword
              (3 damage)
             ... on level 3 of the Dungeon.
             The game lasted 00:08:12 (4055 turns).

warriortoast the Digger (GrEE)                      Turns: 4055, Time: 00:08:12

Health: -1/40      AC:  8    Str: 13    XL:     7   Next: 3%
Magic:  5/11       EV: 12    Int: 16    God:
Gold:   151        SH:  0    Dex: 10    Spells: 11/12 levels left

rFire   . . .      SeeInvis .   u - +0 morningstar
rCold   . . .      Faith    .   (no shield)
rNeg    + . .      Spirit   .   a - +0 robe
rPois   ∞          Reflect  .   l - +0 helmet
rElec   +          Harm     .   h - +0 cloak
rCorr   .          Rampage  .   (no gloves)
Will    .....                   (no boots)
Stlth   ++........              (no amulet)
HPRegen 0.13/turn               (no ring)
MPRegen 0.12/turn               (no ring)

@: no status effects
A: sickness immunity, AC +4, negative energy resistance 1, electricity
resistance, torment resistance 1, petrification resistance
a: no special abilities


You were on level 3 of the Dungeon.
You visited 1 branch of the dungeon, and saw 4 of its levels.

You collected 211 gold pieces.
You spent 60 gold pieces at shops.

Inventory:

Hand Weapons
 g - a +0 mace
 o - a +2 short sword of speed
 u - a +0 morningstar (weapon)
Armour
 a - a +0 robe (worn)
 h - a +0 cloak (worn)
 l - a +0 helmet (worn)
Jewellery
 r - a ring of see invisible
Wands
 y - a wand of flame (2)
Scrolls
 c - 3 scrolls of amnesia {unknown}
 d - 2 scrolls of poison
 e - a scroll of vulnerability {unknown}
 f - 2 scrolls of teleportation {unknown}
 i - a scroll of identify
 k - a scroll of enchant armour {unknown}
 p - a scroll of acquirement {unknown}
 q - a scroll of silence {unknown}
 t - a scroll of immolation {unknown}
 w - a scroll of magic mapping {unknown}
 x - a scroll of fear {unknown}
Potions
 b - a potion of magic
 j - 5 potions of heal wounds
 m - a potion of might
 n - a potion of lignification {unknown}
 s - a potion of flight {unknown}
 v - a potion of curing
 z - 2 potions of brilliance {unknown}


   Skills:
 + Level 2.8 Fighting
 + Level 2.8 Dodging
 + Level 3.9 Stealth
 + Level 3.1 Spellcasting
 + Level 2.4 Transmutations
 + Level 5.0 Earth Magic


You had 11 spell levels left.
You knew the following spells:

 Your Spells              Type           Power      Damage    Failure   Level
a - Sandblast             Erth           36%        2d10      2%          1

Your spell library contained the following spells:

 Spells                   Type           Power      Damage    Failure   Level
 Passwall                 Tmut/Erth      11%        N/A       6%          2
 Stone Arrow              Conj/Erth      20%        3d8       21%         3
 Petrify                  Tmut/Erth      14%        N/A       36%         4
 Dazzling Flash           Conj/Hex       4%         N/A       50%         3
 Agony                    Necr           2%         N/A       99%         5
 Silence                  Hex/Air        1%         N/A       99%         5


Dungeon Overview and Level Annotations

Branches:
Dungeon (4/15)
 Temple: D:4-7

Altars:

Shops:
D:2 *

Annotations:
D:3 2 transporters, zeram's ghost, amateur HOFi


Innate Abilities, Weirdness & Mutations

You are immune to sickness and miasma.
Your stone body is resilient. (AC +4)
You are immune to poison.
You resist negative energy. (rN+)
You are resistant to electric shocks. (rElec)
You are resistant to unholy torment.
You are immune to petrification.


Message History

The wight is almost destroyed.
The wight hits you with a +2 long sword.
The blast of sand hits the wight but does no damage.
The wight is almost destroyed.
The wight hits you with a +2 long sword.
The wight hits you but does no damage.
The wight hits you with a +2 long sword!
You climb upwards.
Level annotation: 2 transporters, zeram's ghost, amateur HOFi
There is a stone staircase leading down here.
You are too injured to fight recklessly!
You are too injured to fight recklessly!
You are too injured to fight recklessly!
Aiming: Sandblast (safe; 2% risk of failure)
Press: ? - help, Q - select action, (/) - cycle Shift-Dir - straight line, f - wight
Aim: a wight, wielding a +2 long sword, wearing a +0 ring mail and wearing a ring of fire (almost destroyed, 84% to hit)
The blast of sand hits the wight.
The wight is almost destroyed.
The wight hits you with a +2 long sword!
* * * LOW HITPOINT WARNING * * *
Aiming: Sandblast (safe; 2% risk of failure)
Press: ? - help, Q - select action, (/) - cycle Shift-Dir - straight line, f/p - wight
Aim: a wight, wielding a +2 long sword, wearing a +0 ring mail and wearing a ring of fire (almost destroyed, 84% to hit)
The blast of sand hits the wight but does no damage.
The wight is almost destroyed.
The wight hits you with a +2 long sword.
* * * LOW HITPOINT WARNING * * *
The wight barely misses you.
You closely miss the wight.
The wight is almost destroyed.
The wight hits you but does no damage.
You barely miss the wight.
The wight is almost destroyed.
The wight barely misses you.
The wight hits you with a +2 long sword.
* * * LOW HITPOINT WARNING * * *
You closely miss the wight.
The wight is almost destroyed.
The wight hits you with a +2 long sword.
You die...

# #
#.Z#..####............#
.. .!..#..#
#.####.####### ...
...©#..# #.# #.#
##########..# #.####.#
............# #......#
............# #..#####
..########### #..# #.#
#######z.# #.####
#......@.#
#....#####.######.#
####..............#
##########.########
...........#
############


You could see a wight.

Vanquished Creatures
  Menkaure (D:4)
  A water moccasin (D:4)
  A wight (D:4)
  Crazy Yiuf (D:3)
  Jessica (D:3)
  Ijyb (D:4)
  3 adders
  2 worms
  A dart slug (D:2)
  6 ball pythons
  2 bats
  8 endoplasms
  2 giant cockroaches (D:3)
  3 hobgoblins
  3 jackals (D:2)
  10 kobolds
  A quokka (D:3)
  3 frilled lizards (D:1)
  6 goblins
  4 rats
60 creatures vanquished.

Notes
Turn   | Place    | Note
-------+----------+-------------------------------------------
     0 | D:1      | warriortoast the Gargoyle Earth Elementalist began the
                  | quest for the Orb.
     0 | D:1      | Reached XP level 1. HP: 10/10 MP: 3/3
   281 | D:1      | Reached XP level 2. HP: 16/16 MP: 1/5
   329 | D:1      | Reached skill level 1 in Transmutations
   957 | D:2      | Reached skill level 1 in Fighting
   957 | D:2      | Reached XP level 3. HP: 19/20 MP: 3/6
  1245 | D:2      | Found Moosma's Assorted Antiques.
  1250 | D:2      | Reached skill level 4 in Earth Magic
  1287 | D:2      | Bought a scroll labelled TIN XUAT DIA for 20 gold pieces
  1287 | D:2      | Bought a scroll labelled QEQAHA JYAJARU for 20 gold pieces
  1287 | D:2      | Bought a scroll labelled QEQAHA JYAJARU for 20 gold pieces
  1846 | D:3      | Found a transporter.
  1867 | D:3      | Noticed Jessica
  1873 | D:3      | Killed Jessica
  1874 | D:3      | Reached XP level 4. HP: 19/25 MP: 3/7
  1974 | D:3      | Noticed zeram's ghost (amateur HOFi)
  1976 | D:3      | Found a transporter.
  2692 | D:3      | Found a runed translucent door.
  2693 | D:3      | Noticed Crazy Yiuf
  2701 | D:3      | Killed Crazy Yiuf
  2702 | D:3      | Reached XP level 5. HP: 9/30 MP: 2/8
  3109 | D:4      | Noticed a water moccasin
  3121 | D:4      | Killed a water moccasin
  3122 | D:4      | Reached XP level 6. HP: 11/35 MP: 3/10
  3383 | D:4      | Noticed Menkaure
  3406 | D:4      | Killed Menkaure
  3713 | D:4      | Noticed Ijyb
  3744 | D:4      | Killed Ijyb
  3971 | D:4      | Reached skill level 5 in Earth Magic
  3971 | D:4      | Reached XP level 7. HP: 32/40 MP: 3/11
  4052 | D:3      | HP: 2/40 [wight/+2 long sword (6)]
  4055 | D:3      | Slain by a wight

Illustrated notes

Levels and vault maps discovered:
D:1:      wander_arrival_desolate, layout_basic
D:2:      layout_loops_ring, serial_shops, shop
D:3:      minmay_general_purpose_star, layout_loops_ring,
          gammafunk_ghost_mausoleum, minmay_pentangle, uniq_jessica,
          uniq_crazy_yiuf_cottage
D:4:      layout_basic, minmay_misc_feat_secret_circle, minivault_1,
          uniq_menkaure, uniq_ijyb

Skill      XL: |  1  2  3  4  5  6 |
---------------+-------------------+-----
Transmutations | 1 2 |  2.4
Fighting       | 1 2 |  2.8
Earth Magic    | 4 5 |  5.0
Dodging        | 2 |  2.8
Stealth        | 3 |  3.9
Spellcasting   | 3 |  3.1

Action                   |  1- 3 |  4- 6 |  7- 9 || total
-------------------------+-------+-------+-------++-------
Melee: Mace              |    11 |       |       ||    11
       Morningstar       |       |    16 |     3 ||    19
 Cast: Sandblast         |    44 |    56 |     9 ||   109
  Use: Scroll            |       |     5 |       ||     5
Armor: Robe              |    20 |    14 |     2 ||    36
Dodge: Dodged            |    19 |    40 |     7 ||    66
